 Dungeon Crawl Stone Soup version 0.20-a0-640-g62ed22f (webtiles) character file.

65 Klosterheim the Poker (level 4, -6/40 HPs)
             Began as a Hill Orc Fighter on Feb 12, 2017.
             Killed from afar by Ijyb (14 damage)
             ... with a wand of lightning (?/15)
             ... on level 3 of the Dungeon.
             The game lasted 00:02:07 (1748 turns).

Klosterheim the Poker (Hill Orc Fighter)            Turns: 1748, Time: 00:02:07

Health: -6/40      AC:  6    Str: 19    XL:     4   Next: 14%
Magic:  4/4        EV:  9    Int:  8    God:
Gold:   87         SH:  0    Dex: 10    Spells: 3/3 levels left

rFire    . . .     SeeInvis .   q - +0 glaive
rCold    . . .     Gourm    .   b - +0 scale mail
rNeg     . . .     Faith    .   (shield currently unavailable)
rPois    .         Spirit   .   (no helmet)
rElec    .         Reflect  .   (no cloak)
rCorr    .         Harm     .   (no gloves)
MR       .....                  (no boots)
Stlth    ..........             (no amulet)
Regen    0.2/turn               (no ring)
MPRegen  0.1/turn               (no ring)

@: no status effects
A: no striking features
a: no special abilities


You were on level 3 of the Dungeon.
You were not hungry.

You visited 1 branch of the dungeon, and saw 3 of its levels.

You collected 87 gold pieces.

Inventory:

Hand Weapons
 q - a +0 glaive (weapon)
Armour
 b - a +0 scale mail (worn)
Jewellery
 c - an uncursed ring of protection from magic {unknown}
 e - an uncursed amulet of faith {unknown}
Scrolls
 j - 2 scrolls of teleportation {unknown}
 k - a scroll of remove curse {unknown}
 l - a scroll of immolation {unknown}
 m - a scroll of recharging {unknown}
 r - 2 scrolls of identify {unknown}
 t - a scroll of amnesia {unknown}
Potions
 a - a potion of flight {unknown}
 d - 2 potions of might
 g - 3 potions of brilliance {unknown}
 h - a potion of agility {unknown}
 i - a potion of invisibility {unknown}
 n - 3 potions of heal wounds {unknown}
 p - a potion of degeneration {unknown}
Comestibles
 f - 2 bread rations
 o - 2 chunks of flesh
 s - a meat ration
 u - a royal jelly


   Skills:
 - Level 3.7 Fighting
 * Level 4.5 Polearms
 - Level 3.2 Armour
   Level 3.3 Shields


You had 3 spell levels left.
You didn't know any spells.

Dungeon Overview and Level Annotations

Branches:
Dungeon (3/15)

Altars:

Annotations:
D:3 Ijyb


Message History

Press: ? - help, Dir - move target cursor, f/p - Ijyb
Aim: Ijyb, wielding a club and carrying a wand of lightning (?/15) {zapped: 1} (lightly wounded)
You reach to attack!
You closely miss Ijyb.
Ijyb is lightly wounded.
Ijyb hits you with a club.
You hit Ijyb.
Ijyb is moderately wounded.
Ijyb hits you but does no damage.
You hit Ijyb but do no damage.
Ijyb is moderately wounded.
Ijyb hits you but does no damage.
You slash Ijyb!
Ijyb is severely wounded.
Ijyb hits you but does no damage. x2
You barely miss Ijyb.
Ijyb is severely wounded.
Ijyb zaps a wand.
The bolt of lightning hits you!
* * * LOW HITPOINT WARNING * * *
The bolt of lightning hits you!
You die...

#$.... #
#....##.#
##.....#.#
##$.......#
#.........#
#..>......#
#...g%....#
#..@....#
##......#
#....#.#
#.##....#
#######.#
.....#
#.......#
#...##
#.#####.####.##
####......#
#......##.####


You could see Ijyb.

Vanquished Creatures
  2 adders (D:2)
  An ooze (D:1)
  A worm (D:2)
  2 ball pythons
  9 bats
  4 giant cockroaches
  A goblin (D:1)
  4 hobgoblins
  7 kobolds
  2 frilled lizards (D:2)
  7 rats
40 creatures vanquished.

Notes
Turn   | Place    | Note
-------+----------+-------------------------------------------
     0 | D:1      | Klosterheim the Hill Orc Fighter began the quest for the Orb.
     0 | D:1      | Reached XP level 1. HP: 19/19 MP: 1/1
   104 | D:1      | Reached XP level 2. HP: 15/27 MP: 2/2
   138 | D:1      | Reached skill level 3 in Polearms
   689 | D:1      | Reached XP level 3. HP: 29/33 MP: 3/3
  1049 | D:2      | Reached skill level 4 in Polearms
  1244 | D:2      | Reached XP level 4. HP: 33/40 MP: 4/4
  1740 | D:3      | Noticed Ijyb
  1748 | D:3      | Killed from afar by Ijyb

Vault maps used:
D:1:      scummos_arrival_hexagon, hangedman_decor_slide_cut,
          minmay_misc_feat_alley, hangedman_decor_points, minmay_tromino_i4
D:2:      first_bread, serial_bayou_lagoon_b
D:3:      minitemple, grunt_temple_overflow_open, tgw_fedhas, uniq_iyjb

Skill      XL: |  1  2  3 |
---------------+----------+-----
Polearms       | 3 4 |  4.5
Fighting       | |  3.7
Armour         | |  3.2
Shields        | |  3.3

Action                   |  1- 3 |  4- 6 || total
-------------------------+-------+-------++-------
Melee: Trident           |   101 |       ||   101
       Glaive            |    28 |    30 ||    58
  Eat: Chunk             |     1 |     2 ||     3
Armor: Scale mail        |    76 |    10 ||    86
Dodge: Dodged            |    42 |    14 ||    56
Block: Shield            |    59 |       ||    59
